 Dungeon Crawl Stone Soup version 0.24.0-41-g2ae2f7f1be (webtiles) character file.

Game seed: 16742034958419499653, levelgen mode: deterministic

13826 Iamsoldier the Grappler (level 11, -1/110 HPs)
             Began as a Troll Fighter on Dec 11, 2019.
             Was a High Priest of Okawaru.
             Slain by an ice devil (12 damage)
             ... on level 12 of the Dungeon.
             The game lasted 00:18:18 (9629 turns).

Iamsoldier the Grappler (Troll Fighter)             Turns: 9629, Time: 00:18:18

Health: -1/110     AC:  9    Str: 27    XL:     11   Next: 80%
Magic:  10/10      EV: 13    Int:  4    God:    Okawaru [*****.]
Gold:   740        SH: 11    Dex: 11    Spells: 10/10 levels left

rFire    + + .     SeeInvis .     - Unarmed
rCold    . . .     Gourm    +   b - +0 shield
rNeg     . . .     Faith    .   z - +2 robe {rF+}
rPois    .         Spirit   .   (helmet restricted)
rElec    .         Reflect  .   C - +0 cloak
rCorr    .         Harm     .   (gloves unavailable)
MR       +....                  (boots unavailable)
Stlth    +.........             (no amulet)
HPRegen  0.68/turn              s - ring of protection from magic
MPRegen  0.12/turn              g - ring of protection from fire (curse)

@: no status effects
A: large, unfitting armour, claws 3, fast metabolism 3, gourmand, regeneration
1, shaggy fur 1, tough skin 3
a: Heroism, Finesse, Renounce Religion


You were on level 12 of the Dungeon.
You worshipped Okawaru.
Okawaru was extremely pleased with you.
You were completely stuffed.

You visited 2 branches of the dungeon, and saw 14 of its levels.

You collected 807 gold pieces.
You spent 67 gold pieces at shops.

Inventory:

Armour
 b - a +0 shield (worn)
 z - a +2 robe of fire resistance (worn)
 C - a +0 cloak (worn)
Jewellery
 g - a cursed ring of protection from fire (right claw)
 s - a ring of protection from magic (left claw)
Wands
 w - a wand of digging (4)
 A - a wand of acid (9)
 E - a wand of iceblast (2)
 G - a wand of random effects (11)
Scrolls
 e - 8 scrolls of teleportation
 f - 3 scrolls of random uselessness {unknown}
 i - 3 scrolls of fog
 l - a scroll of magic mapping {unknown}
 m - 5 scrolls of remove curse
 p - 3 scrolls of fear
 q - a scroll of immolation {unknown}
 r - a scroll of identify
 u - 2 scrolls of enchant weapon
 v - a scroll of amnesia
 y - 2 scrolls of blinking {unknown}
 B - a scroll of enchant armour {unknown}
 D - 2 scrolls of vulnerability {unknown}
Potions
 a - 2 potions of mutation
 c - 8 potions of might
 j - a potion of agility
 k - 3 potions of brilliance
 n - 2 potions of magic
 o - 5 potions of curing
 t - 6 potions of lignification
 x - a potion of haste
Comestibles
 d - 28 rations
 h - 6 chunks of flesh


   Skills:
 + Level 7.7 Fighting
 + Level 7.7 Dodging
 + Level 7.7 Shields
 * Level 12.1 Unarmed Combat


You had 10 spell levels left.
You didn't know any spells.
Your spell library contained the following spells:

 Spells                   Type           Power        Failure   Level  Hunger
 Animate Skeleton         Necr           N/A          58%         1    ##.....
 Confusing Touch          Hex            #.....       58%         1    ##.....
 Corona                   Hex            #......      58%         1    ##.....
 Pain                     Necr           #...         58%         1    ##.....
 Slow                     Hex            #.......     73%         2    ###....
 Confuse                  Hex            #.......     91%         3    ####...
 Gell's Gravitas          Tloc           #.........   91%         3    ####...
 Inner Flame              Hex/Fire       #.......     91%         3    ####...
 Portal Projectile        Hex/Tloc       #.....       91%         3    ####...
 Regeneration             Chrm/Necr      #.........   91%         3    ####...
 Vampiric Draining        Necr           #.........   91%         3    ####...
 Animate Dead             Necr           N/A          100%        4    #####..
 Cause Fear               Hex            #.........   100%        4    #####..
 Leda's Liquefaction      Hex/Erth       #.........   100%        4    #####..
 Petrify                  Tmut/Erth      #.......     100%        4    #####..
 Metabolic Englaciation   Hex/Ice        #.........   100%        5    ######.
 Yara's Violent Unravell  Hex/Tmut       #.........   100%        5    ######.


Dungeon Overview and Level Annotations

Branches:
Dungeon (13/15)            Temple (1/1) D:5            Lair (0/6) D:11
    Orc (0/2) D:9
 Vaults: D:13-14

Altars:
Ashenzari
Cheibriados
Dithmenos
Elyvilon
Fedhas
Gozag
Hepliaklqana
Kikubaaqudgha
Makhleb
Nemelex Xobeh
Okawaru
Qazlal
Ru
Sif Muna
Trog
Uskayaw
Vehumet
Wu Jian
Xom
Yredelemnul
Zin
The Shining One

Shops:
D:5 }   D:9 :[   D:10 %   D:11 (


Innate Abilities, Weirdness & Mutations

You are too large for most types of armour.
You have claws for hands.
Your metabolism is lightning-fast.
You like to eat raw meat.
Your natural rate of healing is unusually fast.
You are covered in fur. (AC +1)
You have extremely tough skin. (AC +3)


Message History

You are too injured to fight recklessly!
You are too injured to fight recklessly!
You are too injured to fight recklessly!
You are too injured to fight recklessly!
You are too injured to fight recklessly!
You barely miss the ice devil.
The ice devil is severely wounded.
The ice devil hits you!
* * * LOW HITPOINT WARNING * * *
The ice devil freezes you!!
* * * LOW HITPOINT WARNING * * *
You scratch the ice devil but do no damage.
The ice devil is severely wounded.
You block the ice devil's attack.
You scratch the ice devil.
The ice devil is severely wounded.
You claw the ice devil!
The ice devil is almost dead.
The ice devil hits you!
You die...

### #### #.### ..# #.... #.#
#.### #.### #########.#
#...### ...##....#.##
#.#.'.##....#####....#
##.###.@4....#######..##
#.####..#.+.##....##.........
#.......#.### ...##.........
######....# ####.........
#.########### #......... #.#
#.....# #....#.... #.#
#.....+ #.#....... #.#
###....# #.#.#..... #.#
..#....# #.#......<


You could see an ice devil.

Vanquished Creatures
  A slime creature (D:12)
  An unseen horror (D:10)
  An ugly thing (D:12)
  2 manticores (D:12)
  A deep elf mage (D:10)
  A centaur zombie (D:11)
  A gargoyle (D:9)
  2 centaur skeletons
  An ice devil (D:12)
  4 hippogriffs
  Sigmund (D:6)
  A shadow (D:11)
  A wyvern (D:9)
  4 yaks (D:10)
  Eustachio (D:5)
  A basilisk (shapeshifter) (D:10)
  5 hungry ghosts
  A water moccasin (D:11)
  Edmund (D:4)
  An ice beast (D:7)
  Duvessa (D:6)
  A hornet zombie (D:6)
  6 orc warriors
  3 phantoms
  4 sky beasts
  An eye of draining (D:12)
  11 ogres
  10 centaurs
  2 big kobolds
  2 wyvern zombies
  7 bullfrogs
  A gnoll sergeant (D:11)
  Dowan (D:6)
  4 scorpions
  9 killer bees
  5 wights (D:6)
  4 crimson imps
  5 jellies
  6 hounds
  5 orc priests
  2 bullfrog skeletons
  13 orc wizards
  Jessica (D:3)
  4 iguanas
  6 worker ants
  A statue (D:5)
  A hound skeleton (D:4)
  A howler monkey zombie (D:6)
  2 worker ant zombies
  7 gnolls
  14 adders
  4 howler monkey skeletons
  5 shadow imps
  6 oozes
  2 worms (D:2)
  2 dart slugs
  2 leopard geckos
  41 orcs
  5 giant cockroaches
  11 goblins
  7 hobgoblins
  13 jackals
  8 quokkas
  5 bats
  6 frilled lizards
  13 kobolds
  3 rats
305 creatures vanquished.

Vanquished Creatures (others)
  A quokka skeleton (D:4)
1 creature vanquished.

Grand Total: 306 creatures vanquished

Notes
Turn   | Place    | Note
-------+----------+-------------------------------------------
     0 | D:1      | Iamsoldier the Troll Fighter began the quest for the Orb.
     0 | D:1      | Reached XP level 1. HP: 22/22 MP: 0/0
    67 | D:1      | Reached XP level 2. HP: 29/29 MP: 1/1
   647 | D:2      | Reached XP level 3. HP: 36/36 MP: 2/2
   793 | D:2      | Reached skill level 3 in Unarmed Combat
   893 | D:2      | Reached XP level 4. HP: 35/44 MP: 3/3
  1034 | D:2      | Found a faded altar of an unknown god.
  1268 | D:3      | Noticed Jessica
  1269 | D:3      | Killed Jessica
  1338 | D:3      | Reached XP level 5. HP: 23/53 MP: 4/4
  1757 | D:4      | Reached skill level 4 in Unarmed Combat
  1889 | D:4      | Noticed a centaur
  1899 | D:4      | Reached XP level 6. HP: 32/61 MP: 5/5
  2089 | D:4      | Noticed Edmund
  2112 | D:4      | Killed Edmund
  2112 | D:4      | Reached skill level 5 in Unarmed Combat
  2112 | D:4      | Reached XP level 7. HP: 40/67 MP: 6/6
  2537 | D:5      | Entered Level 5 of the Dungeon
  2537 | D:5      | Noticed Eustachio
  2541 | D:5      | Killed Eustachio
  2580 | D:5      | Found Otselem's Gadget Shop.
  2623 | D:5      | Found a staircase to the Ecumenical Temple.
  2645 | Temple   | Entered the Ecumenical Temple
  2828 | Temple   | Became a worshipper of Warmaster Okawaru
  2931 | D:5      | Found a radiant altar of Vehumet.
  2968 | D:5      | Reached skill level 6 in Unarmed Combat
  3086 | D:5      | Reached XP level 8. HP: 78/78 MP: 7/7
  3753 | D:6      | Reached * piety under Okawaru
  3763 | D:6      | Reached skill level 7 in Unarmed Combat
  3781 | D:6      | Noticed Sigmund
  3790 | D:6      | Killed Sigmund
  3972 | D:6      | Noticed Duvessa
  3972 | D:6      | Noticed Dowan
  3978 | D:6      | Killed Dowan
  3987 | D:6      | Killed Duvessa
  3987 | D:6      | Reached ** piety under Okawaru
  3987 | D:6      | Reached skill level 5 in Fighting
  3987 | D:6      | Reached skill level 5 in Dodging
  3987 | D:6      | Reached skill level 5 in Shields
  3987 | D:6      | Reached XP level 9. HP: 56/88 MP: 8/8
  4083 | D:6      | Identified the +7 war axe "Newif" {chop, Dex+4}
  4094 | D:6      | Reached skill level 8 in Unarmed Combat
  4571 | D:7      | Reached *** piety under Okawaru
  4909 | D:7      | Reached skill level 9 in Unarmed Combat
  5223 | D:8      | Reached **** piety under Okawaru
  5305 | D:8      | Reached XP level 10. HP: 86/98 MP: 9/9
  5315 | D:8      | Found a sacrificial altar of Ru.
  5380 | D:8      | Found an ornate altar of the Wu Jian Council.
  5864 | D:9      | Found Gecegiel's Armour Shop.
  5867 | D:9      | Bought a +0 cloak for 67 gold pieces
  5885 | D:9      | Noticed a gargoyle
  5895 | D:9      | Killed a gargoyle
  5908 | D:9      | Found Napsai Eloyn's Armour Shoppe.
  6012 | D:9      | Found a blossoming altar of Fedhas.
  6017 | D:9      | Found a basalt altar of Yredelemnul.
  6019 | D:9      | Found a hide-covered altar of Uskayaw.
  6026 | D:9      | Found an opulent altar of Gozag.
  6192 | D:9      | Found Okhliackoo's Book Shop.
  6211 | D:9      | Reached skill level 10 in Unarmed Combat
  6364 | D:9      | Found a staircase to the Orcish Mines.
  6473 | D:10     | Entered Level 10 of the Dungeon
  6522 | D:10     | Reached ***** piety under Okawaru
  6622 | D:10     | Found Iwkonk's Food Shop.
  6630 | D:10     | Noticed a deep elf mage
  6644 | D:10     | Killed a deep elf mage
  7041 | D:10     | Found a shattered altar of Ashenzari.
  7053 | D:10     | Killed an unseen horror
  7053 | D:10     | Received a gift from Okawaru
  7053 | D:10     | Reached XP level 11. HP: 68/107 MP: 10/10
  7455 | D:11     | Found Maarghoe's Weapon Boutique.
  7464 | D:11     | Reached skill level 11 in Unarmed Combat
  7698 | D:11     | Found a staircase to the Lair.
  7879 | D:12     | You fall into a shaft and drop 1 floor!
  8603 | D:12     | Received a gift from Okawaru
  8996 | D:12     | HP: 3/109 [titanic slime creature (20)]
  9017 | D:12     | Noticed a cyan ugly thing
  9164 | D:12     | Killed a cyan ugly thing
  9452 | D:12     | Reached skill level 12 in Unarmed Combat
  9629 | D:12     | Slain by an ice devil

Levels and vault maps discovered:
D:1:      scummos_arrival_checkerplants, layout_loops_ring
D:2:      layout_loops_ring, first_ration, chequers_ecumenical_altar_simple
D:3:      layout_basic, uniq_jessica
D:4:      layout_loops_ring, uniq_edmund
D:5:      layout_basic, vehumet_statue, minmay_temple_entry_sparse_star,
          serial_shops, shop, uniq_eustachio
D:6:      layout_cave_pools, st_stairs_7, uniq_sigmund, uniq_duvessa
D:7:      layout_loops_cross
D:8:      layout_loops_ring, nicolae_overflow_hidden_temple, basic_altar
D:9:      layout_irregular_city, nicolae_overflow_quartered_altars, orc_0_dummy,
          serial_shops, nicolae_shop_behind_doors, kennysheep_little_box,
          nicolae_shop_stone
D:10:     layout_long_grid, serial_shops, nicolae_shop_trees,
          hangedman_little_slice_of_home, ashenzari_altar_1
D:11:     layout_gridville, lair_entry_dummy, serial_shops, shop_fountains
D:12:     layout_basic, portal_ice_cave_demonic_guard
D:13:     layout_rooms, hangedman_decor_clover_reticule,
          kennysheep_generic_room_15
Temple:   eino_temple_scatter_basement

Skill      XL: |  1  2  3  4  5  6  7  8  9 10 11 |
---------------+----------------------------------+-----
Unarmed Combat | 3 4 5 6 7 9 10 12 | 12.1
Fighting       | 3 4 5 6 7 |  7.7
Dodging        | 3 4 5 6 7 |  7.7
Shields        | 3 4 5 6 7 |  7.7

Action                   |  1- 3 |  4- 6 |  7- 9 | 10-12 || total
-------------------------+-------+-------+-------+-------++-------
Melee: Unarmed           |   106 |   134 |   310 |   470 ||  1020
Invok: Heroism           |       |       |       |     7 ||     7
       Finesse           |       |       |       |     1 ||     1
  Use: Scroll            |       |       |    11 |     7 ||    18
       Potion            |       |       |       |     1 ||     1
 Stab: Sleeping          |       |       |     1 |     2 ||     3
  Eat: Chunk             |    14 |    11 |    38 |    53 ||   116
Armor: Robe              |    37 |    24 |    71 |   115 ||   247
Dodge: Dodged            |    31 |    30 |    70 |   183 ||   314
Block: Shield            |    48 |    55 |   143 |   281 ||   527
